AoeStats
← THE1andoNLY3712

Arena

509570212Analyzed
1v1 RM · 4d ago on Sep 27, 2026· 54m 15s· 2 players
Game mode
Random Map
Map size
Tiny (2 player)
Population
200
Speed
Normal
Resources
Standard
Victory
Conquest
Starting age
Dark Age
Ending age
Imperial Age
RankedLock teamsTeams togetherTeam positionsShared explorationLock speedFull tech treeHidden civsTurbo modeCheats
Victory
Defeat
🇷🇺 Burgundians · Russia
1264
+17
🇦🇺 Armenians · Australia
1290
-17
LiningAnt984921
4:55 Double-Bit Axe
8:11 Horse Collar
11:32 Feudal Age
15:19 Castle Age
14:00 Bow Saw
14:02 Gold Mining
20:59 Loom
24:01 Heavy Plow
25:25 Wheelbarrow
25:06 Fletching
26:14 Ballistics
26:16 Padded Archer Armor
26:07 Crossbowman
28:32 Bodkin Arrow
28:53 Leather Archer Armor
31:30 Hand Cart
32:11 Town Watch
35:44 Imperial Age
34:16 Crop Rotation
34:48 Two-Man Saw
34:24 Gold Shaft Mining
33:39 Stone Mining
34:22 Burgundian Vineyards
34:30 Forging
36:39 Iron Casting
36:12 Scale Barding Armor
37:31 Chemistry
36:44 Masonry
37:14 Conscription
37:19 Bracer
38:23 Blast Furnace
37:35 Husbandry
38:28 Town Patrol
38:52 Chain Barding Armor
38:42 Onager
39:52 Light Cavalry
41:21 Stone Shaft Mining
41:49 Architecture
42:06 Scale Mail Armor
43:38 Hoardings
44:00 Fortified Wall
43:46 Murder Holes
43:32 Treadmill Crane
45:28 Plate Barding Armor
45:14 Elite Coustillier
50:55 Hussar
THE1andoNLY3712
10:26 Feudal Age
11:55 Double-Bit Axe
14:13 Castle Age
12:29 Horse Collar
14:18 Scale Mail Armor
16:13 Chain Mail Armor
16:55 Sanctity
18:40 Fervor
18:29 Gold Mining
20:59 Bow Saw
22:55 Wheelbarrow
22:52 Squires
23:26 Arson
24:48 Forging
26:25 Hand Cart
27:15 Iron Casting
32:38 Imperial Age
33:12 Pikeman
33:50 Fletching
33:51 Capped Ram
36:24 Heavy Plow
36:43 Loom
37:40 Gold Shaft Mining
36:59 Stone Mining
36:48 Man-at-Arms
38:04 Long Swordsman
38:19 Halberdier
38:24 Long Swordsman
38:51 Gambesons
40:16 Siege Ram
42:04 Fereters
42:22 Conscription
42:35 Plate Mail Armor
43:06 Blast Furnace
41:42 Two-Handed Swordsman
42:54 Champion
44:11 Masonry
44:23 Ballistics
45:03 Bodkin Arrow
51:07 Bracer
51:08 Padded Archer Armor
52:10 Leather Archer Armor
Connection lost

Rejoining the realm…

Still unreachable

The connection could not be restored.

Session expired

The server has moved on; the page needs a fresh start.